 Dungeon Crawl Stone Soup version 0.29.0-4-gdea44cf6ec (webtiles) character file.

Game seed: 8316406285273920656

72 qw the Chopper (level 4, 0/26 HPs)
             Began as a Tengu Warper on Aug 28, 2022.
             Slain by a gnoll
             ... wielding a +0 halberd
              (9 damage)
             ... on level 2 of the Dungeon.
             The game lasted 00:00:09 (1538 turns).

qw the Chopper (Tengu Warper)                       Turns: 1538, Time: 00:00:09

Health: 0/26       AC:  6    Str: 14    XL:     4   Next: 26%
Magic:  8/8        EV:  9    Int: 13    God:
Gold:   70         SH:  0    Dex: 13    Spells: 7/7 levels left

rFire   . . .      SeeInvis +   Y - +0 hand axe
rCold   . . .      Faith    .   (no shield)
rNeg    . . .      Spirit   .   h - +0 scale mail
rPois   .          Reflect  .   (helmet restricted)
rElec   .          Harm     .   (no cloak)
rCorr   .          Rampage  .   (no gloves)
Will    .....                   (boots unavailable)
Stlth   ..........              (no amulet)
HPRegen 0.08/turn               e - ring of see invisible
MPRegen 0.11/turn               (no ring)

@: no status effects
A: beak, talons 3
a: no special abilities


You were on level 2 of the Dungeon.
You visited 1 branch of the dungeon, and saw 2 of its levels.

You collected 70 gold pieces.


Innate Abilities, Weirdness & Mutations

You have a beak for a mouth.
You have claws for feet.


   Skills:
 - Level 2.0 Fighting
 + Level 4.8 Axes
 - Level 1.0 Throwing
 - Level 1.1 Armour
 - Level 2.1 Dodging
 - Level 2.0 Spellcasting
 - Level 2.4 Translocations


You had 7 spell levels left.
You didn't know any spells.
Your spell library contained the following spells:

 Spells                   Type           Power      Damage    Failure   Level
 Blink                    Tloc           14%        N/A       54%         2
 Gell's Gravitas          Tloc           7%         N/A       77%         3
 Lesser Beckoning         Tloc           7%         N/A       77%         3
 Teleport Other           Tloc           7%         N/A       77%         3
 Manifold Assault         Tloc           7%         N/A       100%        5

Inventory:

Hand Weapons
 Y - a +0 hand axe (weapon)
Armour
 h - a +0 scale mail (worn)
Jewellery
 a - a ring of see invisible
 b - a +4 ring of protection
 e - a ring of see invisible (left hand)
Potions
 c - a potion of invisibility {unknown}
 d - a potion of magic {unknown}
 f - a potion of lignification {unknown}
 i - a potion of haste
 l - a potion of attraction {unknown}

Dungeon Overview and Level Annotations

Branches:
Dungeon (2/15)

Altars:


Message History

You hit the goblin.
You kill the goblin!
Found a stone staircase leading down.
You see here a +0 dagger.
There is a stone staircase leading down here.
Found a spear.
Enter note:
f - a murky orange potion As you open the door, it creaks loudly! 2 gnolls come into view.
The gnoll shouts!
A gnoll comes into view. It is wielding a +0 whip.
Found 6 gold pieces.
1530 ||| Stepping ~*~*~tactically~*~*~ (hiding).
You start waiting.
A rat comes into view.
The gnoll hits you from afar with a +0 halberd.
You hit the gnoll. You claw the gnoll, but do no damage.
The gnoll is moderately wounded.
The gnoll completely misses you.
You hit the gnoll. You claw the gnoll, but do no damage.
The gnoll is moderately wounded.
The gnoll barely misses you. The gnoll closely misses you.
You hit the gnoll. You claw the gnoll.
You kill the gnoll!
The gnoll closely misses you. The gnoll hits you but does no damage.
The gnoll barely misses you.
You slash the gnoll! You claw the gnoll, but do no damage.
The gnoll is severely wounded.
The gnoll hits you from afar with a +0 halberd.
You hit the gnoll but do no damage.
The gnoll is heavily wounded.
You hit the rat.
You kill the rat!
The gnoll hits you from afar with a +0 halberd!
The gnoll hits you with a +0 whip.
You hit the gnoll.
You kill the gnoll!
The gnoll hits you from afar with a +0 halberd!
You die...

.#.# ###.#
#.#..# .#.# #.#
#.#..# .#.# .
#.# #.#..# .#.##
.. #.# #.#..#
.#..# ... #.#..#
.#..## ....
#####.#..#
.#...# .....
+........#
.....##
......##.......#
......#
.....g'@.....~.#
##....#
..$...#)%.~.~~.#
#....# ###..
#..~~~~..#
#....# #.
#..~.~.....
#..).#######
#...........
#...##......
.............
##...#....#
###.##..#)....
#...##....+ ...
..#.#
#...#.....#


You could see a gnoll.

Vanquished Creatures
  2 gnolls (D:2)
  2 adders (D:2)
  6 bats (D:1)
  4 endoplasms
  A giant cockroach (D:1)
  4 goblins
  7 hobgoblins
  4 jackals (D:1)
  3 quokkas (D:1)
  2 ball pythons
  A frilled lizard (D:1)
  A kobold (D:1)
  6 rats
43 creatures vanquished.

Notes
Turn   | Place    | Note
-------+----------+-------------------------------------------
     0 | D:1      | qw the Tengu Warper began the quest for the Orb.
     0 | D:1      | Reached XP level 1. HP: 12/12 MP: 4/4
     0 | D:1      | 0 ||| qw: Version: 0.1-a-89-g26bdef1
     0 | D:1      | 0 ||| qw: Game counter: 2827
     0 | D:1      | 0 ||| qw: Always use a shield: true
     0 | D:1      | 0 ||| qw: God list: Okawaru
     0 | D:1      | 0 ||| qw: Allow faded altars: false
     0 | D:1      | 0 ||| qw: Do Orc after D:15 true
     0 | D:1      | 0 ||| qw: Do second Lair branch before Depths: true
     0 | D:1      | 0 ||| qw: Lair rune preference: random
     0 | D:1      | 0 ||| qw: Plans: Normal
     0 | D:1      | 0 ||| PLANNING D:1-11
    18 | D:1      | 18 ||| Stepping ~*~*~tactically~*~*~ (stealth).
    19 | D:1      | 19 ||| Stepping ~*~*~tactically~*~*~ (stealth).
    40 | D:1      | Reached XP level 2. HP: 8/17 MP: 6/6
    44 | D:1      | Reached skill level 3 in Axes
    44 | D:1      | HP: 4/17 [jackal (2)]
    49 | D:1      | HP: 3/17 [frozen (1)]
    53 | D:1      | HP: 1/17 [hobgoblin (2)]
   380 | D:1      | 380 ||| Stepping ~*~*~tactically~*~*~ (stealth).
   383 | D:1      | 383 ||| Stepping ~*~*~tactically~*~*~ (stealth).
   387 | D:1      | 387 ||| Stepping ~*~*~tactically~*~*~ (stealth).
   458 | D:1      | Reached XP level 3. HP: 16/21 MP: 7/7
   571 | D:1      | 571 ||| Stepping ~*~*~tactically~*~*~ (stealth).
   576 | D:1      | 576 ||| Stepping ~*~*~tactically~*~*~ (stealth).
   693 | D:1      | Reached skill level 4 in Axes
  1091 | D:1      | 1091 ||| UPGRADING to +0 scale mail.
  1101 | D:1      | 1101 ||| DROPPING +0 leather armour.
  1102 | D:1      | 1102 ||| UPGRADING to ring of see invisible.
  1103 | D:1      | 1103 ||| READING scroll labelled FOPRETWAEPP.
  1104 | D:1      | 1104 ||| READING scroll labelled NUCEOW YSIO.
  1109 | D:1      | 1109 ||| READING scroll labelled UCYEVI YLAG.
  1110 | D:1      | 1110 ||| READING scroll labelled ITHIWK DINEERPH.
  1111 | D:1      | 1111 ||| DRINKING 2 black potions.
  1112 | D:1      | 1112 ||| DROPPING scroll of blinking.
  1128 | D:2      | 1128 ||| STAIRDANCE
  1178 | D:2      | 1178 ||| Stepping ~*~*~tactically~*~*~ (stealth).
  1179 | D:2      | 1179 ||| Stepping ~*~*~tactically~*~*~ (stealth).
  1243 | D:2      | Found a faded altar of an unknown god.
  1342 | D:2      | Reached XP level 4. HP: 20/26 MP: 8/8
  1530 | D:2      | 1530 ||| Stepping ~*~*~tactically~*~*~ (hiding).
  1538 | D:2      | Slain by a gnoll

Levels and vault maps discovered:
D:1:      minmay_arrival_solitary_statue, layout_basic, serial_park_tiny_2
D:2:      layout_basic, hellmonk_ecumenical_altar_zigzags, dk_vineyard_3,
          kennysheep_generic_room_2, uniq_terence

Skill      XL: |  1  2  3 |
---------------+----------+-----
Axes           | 3 4 |  4.8
Fighting       | |  2.0
Throwing       | |  1.0
Armour         | |  1.1
Dodging        | |  2.1
Spellcasting   | |  2.0
Translocations | |  2.4

Action                   |  1- 3 |  4- 6 || total
-------------------------+-------+-------++-------
Melee: Hand axe          |    92 |     9 ||   101
       Kick              |    16 |     4 ||    20
       Peck              |    16 |       ||    16
       Punch             |     2 |       ||     2
Throw: Boomerang         |     7 |       ||     7
  Use: Scroll            |     4 |       ||     4
       Potion            |     1 |       ||     1
Armor: Leather armour    |    26 |       ||    26
       Scale mail        |     5 |     2 ||     7
Dodge: Dodged            |    46 |     5 ||    51

Table legend:
 A = Non-vault XP
 B = Vault XP
 C = Vault XP percentage of total XP
 D = Non-vault monster count
 E = Vault monster count
 F = Vault count percentage of total count
                 A         B        C        D         E       F
            +---------+---------+-------+---------+---------+-------
      Total |     118 |       0 |   0.0 |      43 |       0 |   0.0
            +---------+---------+-------+---------+---------+-------
        D:1 |      51 |       0 |   0.0 |      31 |       0 |   0.0
        D:2 |      67 |       0 |   0.0 |      12 |       0 |   0.0
            +---------+---------+-------+---------+---------+-------
